 Dungeon Crawl Stone Soup version 0.24-a0-230-g536ed4e33c (webtiles) character file.

Game seed: 15167058398783695171

1684 Redear the Sneak (level 9, -2/51 HPs)
             Began as an Octopode Earth Elementalist on Apr 3, 2019.
             Was a Priest of Zin.
             Shot with an arrow by a centaur (4 damage)
             ... on level 6 of the Dungeon.
             The game lasted 00:29:54 (5974 turns).

Redear the Sneak (Octopode Earth Elementalist)      Turns: 5974, Time: 00:29:54

Health: -2/51      AC:  1    Str:  7    XL:     9   Next: 2%
Magic:  10/15      EV: 15    Int: 21    God:    Zin [***...]
Gold:   358        SH:  0    Dex: 12    Spells: 10/16 levels left

rFire    . . .     SeeInvis .   B - +2 falchion (elec)
rCold    . . .     Gourm    +   (no shield)
rNeg     . . .     Faith    .   (helmet restricted)
rPois    .         Spirit   .   u - amulet of the gourmand
rElec    .         Reflect  .   (no ring)
rCorr    .         Harm     .   (no ring)
MR       .....                  (no ring)
Stlth    ++++......             (no ring)
HPRegen  0.17/turn              (no ring)
MPRegen  0.14/turn              (no ring)
                                (no ring)
                                (no ring)

@: lightly drained
A: almost no armour, stealthy swim, amphibious, 8 rings, constrict 8, camouflage
1, gelatinous body 1
a: Recite, Vitalisation, Imprison, Donate Gold, Renounce Religion


You were on level 6 of the Dungeon.
You worshipped Zin.
Zin was most pleased with you.
You were very full.

You visited 1 branch of the dungeon, and saw 6 of its levels.

You collected 397 gold pieces.
You donated 39 gold pieces to Zin.

Inventory:

Hand Weapons
 d - a +0 club
 x - a +2 dagger of speed
 B - a +2 falchion of electrocution (weapon)
Missiles
 v - 19 poisoned needles
 z - 13 sling bullets
 D - 8 tomahawks
 Q - 22 stones (quivered)
Armour
 l - a +0 shield
Jewellery
 u - an amulet of the gourmand (around mantle)
Wands
 y - a wand of scattershot (3)
Scrolls
 a - a scroll of magic mapping {unknown}
 b - 10 scrolls of remove curse
 e - a scroll of immolation {unknown}
 f - 2 scrolls of fog
 i - a scroll of identify
 j - a scroll of noise {unknown}
 m - a scroll of enchant weapon {unknown}
 o - 4 scrolls of teleportation {unknown}
 p - a scroll of enchant armour {unknown}
 s - a scroll of amnesia {unknown}
 E - a scroll of blinking {unknown}
Potions
 g - 6 potions of curing
 h - 2 potions of resistance
 k - 2 potions of lignification {unknown}
 n - a potion of cancellation {unknown}
 q - 4 potions of invisibility
 r - 3 potions of might
 t - 3 potions of haste
 w - a potion of degeneration {unknown}
 A - a potion of heal wounds {unknown}
 C - a potion of berserk rage {unknown}
 F - a potion of agility {unknown}
Comestibles
 c - 8 rations


   Skills:
 + Level 3.2(2.7) Long Blades
 - Level 5.3(4.8) Dodging
 - Level 6.0(5.5) Stealth
 - Level 4.0(3.5) Spellcasting
 - Level 3.7(3.3) Conjurations
 - Level 1.0(0.5) Transmutations
 + Level 5.3(4.8) Earth Magic
 + Level 4.7(4.2) Invocations


You had 10 spell levels left.
You knew the following spells:

 Your Spells              Type           Power        Failure   Level  Hunger
a - Sandblast             Erth           ###...       1%          1    None
w - Passwall              Tmut/Erth      ###.....     6%          2    ##.....
x - Stone Arrow           Conj/Erth      ###...       7%          3    ###....

Your spell library contained the following spells:

 Spells                   Type           Power        Failure   Level  Hunger
 Petrify                  Tmut/Erth      ###.....     38%         4    ####...
 Lee's Rapid Deconstruct  Erth           ###.......   43%         5    ######.


Dungeon Overview and Level Annotations

Branches:
Dungeon (6/15)
 Temple: D:4-7

Altars:
Elyvilon
Hepliaklqana
Kikubaaqudgha
Ru
Zin

Annotations:
D:2 1 runed translucent door, exclusion: Crazy Yiuf, Crazy Yiuf


Innate Abilities, Weirdness & Mutations

You cannot wear most types of armour.
You are very stealthy in the water. (Stealth+)
You are amphibious.
You can wear up to eight rings at the same time.
You can use your tentacles to constrict eight enemies at once.
Your skin changes colour to match your surroundings (Stealth+).
Your rubbery body absorbs attacks. (AC +1, EV +1)


Message History

Q - 24 stones The centaur shoots an arrow.
The arrow closely misses you.
The centaur shoots an arrow.
The arrow hits you!
* * * LOW HITPOINT WARNING * * *
You take 10 damage, and have 22/51 hp.
You now have 12/15 mp.
Aim: a centaur, wielding a +0 shortbow and wearing a +4 ring of slaying (moderately wounded)
The blast of sand hits the centaur!
Q - 23 stones The centaur shoots an arrow.
The arrow hits you!
* * * LOW HITPOINT WARNING * * *
You take 11 damage, and have 11/51 hp.
MASSIVE DAMAGE!!
You now have 11/15 mp.
Aim: a centaur, wielding a +0 shortbow and wearing a +4 ring of slaying (almost dead)
The blast of sand hits the centaur.
Q - 22 stones The centaur shoots an arrow.
The arrow hits you!
* * * LOW HITPOINT WARNING * * *
The centaur shoots an arrow.
The arrow hits you.
You die...

#.....#.## .
##..##....#
....##...#######
.........(.......
##..###.#..#####
# #.#....#
..#....#
.###.#..# ..
#.#@.# .. #.##[#
#.. (.. c.# #.#
#.# #. .. #.# .#
..


You could see a centaur.

Levels and vault maps discovered:
D:1:      ebering_hopf_link, layout_loops_cross, serial_bayou_pond_b,
          minmay_strange_pillars, feat_on_display
D:2:      layout_loops_ring, uniq_crazy_yiuf_cottage
D:3:      layout_basic, st_stairs_13, lemuel_tele_altar, uniq_natasha
D:4:      minmay_bubble_buster, layout_loops_ring,
          chequers_temple_overflow_statue_of_worship,
          nicolae_overflow_hidden_temple, minmay_fractal_squares_gapless_5,
          uniq_robin, uniq_blork_the_orc
D:5:      cheibrodos_fzero, layout_basic, first_ration, uniq_pikel
D:6:      layout_basic, serial_shops, nicolae_shop_stone, basic_altar,
          uniq_edmund

Notes
Turn   | Place    | Note
-------+----------+-------------------------------------------
     0 | D:1      | Redear the Octopode Earth Elementalist began the quest for
                  | the Orb.
     0 | D:1      | Reached XP level 1. HP: 11/11 MP: 3/3
     0 | D:1      | Identified a +0 club
   114 | D:1      | Identified a +0 club
   119 | D:1      | Reached skill level 3 in Stealth
   119 | D:1      | Reached XP level 2. HP: 16/17 MP: 0/5
   131 | D:1      | Identified a +0 dagger
   176 | D:1      | Identified a +0 club
   194 | D:1      | Identified a +0 club
   228 | D:1      | Identified a +2 dagger of draining
   284 | D:1      | Identified a +0 club
   293 | D:1      | Reached XP level 3. HP: 12/21 MP: 6/6
   635 | D:1      | Identified a +0 whip
   870 | D:2      | Identified a +0 short sword
   950 | D:2      | Identified a +0 club
   996 | D:2      | Found a runed translucent door.
   997 | D:2      | Identified a +4 quarterstaff of chaos
   997 | D:2      | Identified a +2 cloak of poison resistance
   997 | D:2      | Noticed Crazy Yiuf
  1102 | D:2      | Identified a cursed +0 club
  1113 | D:2      | Reached XP level 4. HP: 24/27 MP: 2/7
  1170 | D:2      | Identified a +0 club
  1431 | D:2      | Identified a +0 hunting sling
  1722 | D:3      | Noticed Natasha
  1730 | D:3      | Killed Natasha
  1730 | D:3      | Reached skill level 3 in Dodging
  1730 | D:3      | Reached skill level 4 in Stealth
  1758 | D:3      | Found a glowing silver altar of Zin.
  1840 | D:3      | Became a worshipper of Zin the Law-Giver
  1840 | D:3      | Reached * piety under Zin
  1990 | D:3      | Was placed under penance by Zin
  2448 | D:3      | Was forgiven by Zin
  2557 | D:3      | Noticed Natasha
  2566 | D:3      | Killed Natasha
  2566 | D:3      | Reached XP level 5. HP: 18/31 MP: 3/9
  2593 | D:3      | Noticed Natasha
  2597 | D:3      | Killed Natasha
  2781 | D:4      | Found an ancient bone altar of Kikubaaqudgha.
  2781 | D:4      | Found a white marble altar of Elyvilon.
  2806 | D:4      | Reached skill level 3 in Spellcasting
  2806 | D:4      | Reached skill level 4 in Earth Magic
  2810 | D:4      | Learned a level 2 spell: Passwall
  2814 | D:4      | Learned a level 3 spell: Stone Arrow
  2837 | D:4      | Identified 6 scrolls of identify
  2837 | D:4      | Identified 8 scrolls of remove curse
  2838 | D:4      | Identified 2 scrolls of fog
  2839 | D:4      | Identified 3 potions of invisibility
  2840 | D:4      | Identified 3 potions of might
  2841 | D:4      | Identified 2 potions of haste
  2842 | D:4      | Identified 2 potions of resistance
  2843 | D:4      | Identified an amulet of the gourmand (You found it on level
                  | 3 of the Dungeon)
  2844 | D:4      | Identified a ring of intelligence (You found it on level 4
                  | of the Dungeon)
  2858 | D:4      | Identified a +0 club (You found it on level 4 of the
                  | Dungeon)
  2880 | D:4      | Noticed a black bear
  3130 | D:4      | Reached ** piety under Zin
  3142 | D:4      | Identified a +2 dagger of speed
  3142 | D:4      | Identified a +0 animal skin
  3142 | D:4      | Identified a +0 helmet
  3142 | D:4      | Noticed Robin
  3142 | D:4      | Identified a +0 club
  3142 | D:4      | Identified a +0 club
  3142 | D:4      | Identified a cursed +0 club
  3142 | D:4      | Identified a cursed +0 dagger
  3142 | D:4      | Identified a +0 club
  3154 | D:4      | Reached XP level 6. HP: 36/36 MP: 6/10
  3169 | D:4      | Killed Robin
  3170 | D:4      | Identified a +0 club
  3170 | D:4      | Identified a +0 hunting sling
  3172 | D:4      | Identified a +0 dagger
  3233 | D:4      | Identified a +0 giant club
  3397 | D:4      | Reached skill level 5 in Stealth
  3397 | D:4      | Reached skill level 1 in Conjurations
  3453 | D:4      | Identified a +0 long sword
  3453 | D:4      | Identified a +0 robe
  3453 | D:4      | Noticed Blork the orc
  3462 | D:4      | Killed a black bear
  3462 | D:4      | Reached skill level 4 in Dodging
  3462 | D:4      | Reached skill level 2 in Conjurations
  3462 | D:4      | Reached XP level 7. HP: 38/41 MP: 6/12
  3503 | D:4      | Found a hazy altar of Hepliaklqana.
  3504 | D:4      | Found a sacrificial altar of Ru.
  3526 | D:4      | Killed Blork the orc
  3698 | D:4      | Identified a +0 rapier
  3698 | D:4      | Identified a +0 leather armour
  3722 | D:4      | Identified a +0 dagger
  3722 | D:4      | Identified a +0 robe
  3729 | D:4      | Reached skill level 6 in Stealth
  3784 | D:4      | Identified a +0 dagger
  3784 | D:4      | Identified a +0 robe
  3786 | D:4      | Identified a cursed -3 whip
  3786 | D:4      | Identified a +0 leather armour
  3823 | D:4      | Reached skill level 4 in Spellcasting
  4069 | D:4      | Identified a +0 mace
  4070 | D:4      | Identified a +0 chain mail
  4167 | D:5      | Entered Level 5 of the Dungeon
  4172 | D:5      | Reached skill level 1 in Invocations
  4227 | D:5      | Reached *** piety under Zin
  4247 | D:5      | Identified a +0 mace
  4248 | D:5      | Identified a +0 short sword
  4248 | D:5      | Identified a +0 leather armour
  4250 | D:5      | Identified a +0 dagger
  4250 | D:5      | Identified a +0 robe
  4271 | D:5      | Reached skill level 3 in Conjurations
  4375 | D:5      | Identified a +0 giant spiked club
  4469 | D:5      | HP: 4/41 [ogre/+0 giant spiked club (30)]
  4471 | D:5      | Reached skill level 5 in Dodging
  4471 | D:5      | Reached skill level 2 in Invocations
  4471 | D:5      | Reached XP level 8. HP: 5/46 MP: 5/14
  4602 | D:5      | Identified a +2 falchion of electrocution (You found it on
                  | level 5 of the Dungeon)
  4895 | D:5      | Identified a +0 club
  4895 | D:5      | Identified a +0 whip
  4895 | D:5      | Identified a +0 leather armour
  5150 | D:5      | Identified a +0 animal skin
  5161 | D:5      | Reached skill level 3 in Invocations
  5291 | D:5      | Identified a cursed +0 club
  5328 | D:5      | Identified a +0 animal skin
  5352 | D:5      | Identified a +0 dagger
  5352 | D:5      | Identified a cursed +0 robe
  5363 | D:5      | Reached skill level 1 in Long Blades
  5368 | D:5      | Identified a +0 shield
  5474 | D:5      | Identified a +0 animal skin
  5527 | D:5      | Identified a +0 whip of electrocution
  5527 | D:5      | Identified a +0 robe
  5527 | D:5      | Noticed Pikel
  5669 | D:5      | Identified a +0 animal skin
  5742 | D:5      | Killed Pikel
  5742 | D:5      | Reached skill level 3 in Long Blades
  5742 | D:5      | Reached skill level 5 in Earth Magic
  5742 | D:5      | Reached skill level 4 in Invocations
  5881 | D:6      | Identified a cursed +3 falchion
  5881 | D:6      | Identified a +0 robe
  5882 | D:6      | Identified a cursed +2 great sword
  5882 | D:6      | Identified a +0 robe
  5887 | D:5      | Reached XP level 9. HP: 31/51 MP: 12/15
  5968 | D:6      | Identified a +0 shortbow
  5968 | D:6      | Identified a +4 ring of slaying
  5973 | D:6      | HP: 11/51 [centaur/arrow (12)]
  5974 | D:6      | HP: 2/51 [centaur/arrow (9)]
  5974 | D:6      | Shot with an arrow by a centaur

Table legend:
 A = Turns spent in this place as a percentage of turns spent in the entire game.
 B = Non-inter-level travel turns spent in this place as a percentage of non-inter-level travel turns spent in the entire game.
 C = Inter-level travel turns spent in this place as a percentage of turns spent in this place.
 D = Turns resting spent in this place as a percentage of non-inter-level travel turns spent in this place.
 E = Turns spent auto-exploring this place as a percentage of non-inter-level travel turns spent in this place.
 F = Non-inter-level travel turns spent in this place divided by the number of levels of this place that you've seen.
                   A       B       C       D       E      F
               +-------+-------+-------+-------+-------+----------------------
         Total | 100.0 | 100.0 |   9.7 |  16.3 |  45.6 | 898.8
       Dungeon | 100.0 | 100.0 |   9.7 |  16.3 |  45.6 | 898.8
               +-------+-------+-------+-------+-------+----------------------

Table legend:
 A = Kills in this place as a percentage of kills in entire the game.
 B = Kills by you in this place as a percentage of kills by you in the entire game.
 C = Kills by friends in this place as a percentage of kills by friends in the entire game.
 D = Other kills in this place as a percentage of other kills in the entire game.
 E = Experience gained in this place as a percentage of experience gained in the entire game.
 F = Experience gained in this place divided by the number of levels of this place that you have seen.
                   A       B       C       D       E      F
               +-------+-------+-------+-------+-------+----------------------
         Total | 100.0 | 100.0 |   N/A |   N/A | 100.0 | 401.0
       Dungeon | 100.0 | 100.0 |   N/A |   N/A | 100.0 | 401.0
               +-------+-------+-------+-------+-------+----------------------

Skill      XL: |  1  2  3  4  5  6  7  8 |
---------------+-------------------------+-----
Stealth        | 3 4 5 6 |  6.0
Dodging        | 3 4 5 |  5.3
Spellcasting   | 3 4 |  4.0
Earth Magic    | 4 5 |  5.3
Conjurations   | 2 3 |  3.7
Invocations    | 2 4 |  4.7
Long Blades    | 3 |  3.2
Transmutations | |  1.0

Action                   |  1- 3 |  4- 6 |  7- 9 || total
-------------------------+-------+-------+-------++-------
Melee: Unarmed           |    16 |       |       ||    16
       Constrict         |    14 |     8 |    12 ||    34
       Tentacles         |     9 |     3 |     2 ||    14
       Dagger            |    42 |    29 |    19 ||    90
       Club              |       |     2 |       ||     2
       Falchion          |       |       |    19 ||    19
Throw: Stone             |       |     1 |     2 ||     3
 Cast: Sandblast         |    22 |    40 |   110 ||   172
       Stone Arrow       |       |       |     5 ||     5
Invok: Recite            |       |     1 |     4 ||     5
  Use: Scroll            |       |     7 |       ||     7
 Stab: Sleeping          |     5 |     5 |     2 ||    12
  Eat: Chunk             |       |     4 |    16 ||    20
       Ration            |       |     1 |       ||     1
Armor: Skin              |    13 |     3 |       ||    16
Dodge: Dodged            |    43 |    33 |    51 ||   127
       Rpst.: Falchion   |       |       |     7 ||     7

Vanquished Creatures
  Pikel (D:5)
  A slave (D:5)
  A black bear (D:4)
  2 ogres
  Blork the orc (D:4)
  A wight (D:5)
  2 howler monkeys (D:4)
  A crimson imp (D:5)
  A bullfrog zombie (D:5)
  2 hounds
  A jelly (D:5)
  An orc priest (D:5)
  3 orc wizards
  2 bullfrog skeletons (D:5)
  An iguana (D:5)
  Natasha (thrice) (D:3)
  7 worker ants
  A hound skeleton (D:4)
  Robin (D:4)
  5 adders
  A shadow imp (D:5)
  2 adder skeletons
  A worm (D:4)
  2 dart slugs
  11 leopard geckos
  9 orcs
  3 ball pythons
  5 giant cockroaches
  18 goblins
  13 hobgoblins
  9 jackals
  A quokka (D:3)
  8 bats
  2 frilled lizards (D:5)
  8 kobolds
  2 rats
133 creatures vanquished.
